[Event "Titled Tuesday Blitz November 01 Late 2022"]
[White "Aldokhin, Ivan"]
[Black "Mickiewicz, Piotr"]
[WhiteFideId "24115720"]
[BlackFideId "1114891"]
[WhiteElo "2313"]
[BlackElo "2246"]
[Result "0-1"]
[Round "05"]
[TimeControl "180+1"]
[Date "2022.11.02"]
[WhiteClock "0:00:04"]
[BlackClock "0:00:10"]

1. e4 c6 2. Nf3 d5 3. Nc3 Nf6 4. e5 Ne4 5. Ne2 Bg4 6. d3 Bxf3 7. gxf3 Nc5 8. d4 Ne6 9. Bh3 Nc7 10. Bg5 h6 11. Bh4 g5 12. Bg3 e6 13. f4 c5 14. f5 Nc6 15. c3 cxd4 16. fxe6 Nxe6 17. Bxe6 fxe6 18. Nxd4 Nxd4 19. Qh5+ Kd7 20. cxd4 Qa5+ 21. Kf1 Qb5+ 22. Kg2 Be7 23. Rac1 Rac8 24. b3 Qd3 25. Rhd1 Qf5 26. Qf3 Qxf3+ 27. Kxf3 h5 28. h3 Ba3 29. Rxc8 Rxc8 30. h4 g4+ 31. Kf4 Bc1+ 32. Rxc1 Rxc1 33. Kg5 Rd1 34. Kxh5 Rxd4 35. Kg6 Ke8 36. h5 Rd1 37. h6 Rh1 38. Kg7 d4 39. h7 d3 40. Bf4 Kd7 41. h8=Q Rxh8 42. Kxh8 Kc6 43. Kg7 Kd5 44. Kf6 Ke4 45. Bd2 Kf3 46. Kxe6 Kxf2 47. Kd5 g3 48. Kd4 Ke2 49. Be3 g2 50. e6 g1=Q 51. Bxg1 d2 52. e7 d1=Q+ 53. Ke5 Qxg1 54. Kf6 Qe3 55. Kf7 Kd3 56. e8=Q Qxe8+ 57. Kxe8 Kc3 58. Kd7 Kb2 59. Kc7 b5 60. Kc6 b4 61. Kb5 Ka3 62. Ka5 a6 63. Kxa6 Kxa2 64. Ka5 Kxb3 65. Kb5 Ka3 66. Kc4 b3 67. Kc3 Ka2 68. Kb4 b2 69. Ka4 Ka1 0-1


[Site "https://www.chess.com"]

[Event "Titled Tuesday Blitz November 01 Late 2022"]
[White "Amburgy, Ryan"]
[Black "Valdes Romero, Leonardo"]
[WhiteFideId "30924820"]
[BlackFideId "6500331"]
[WhiteElo "2121"]
[BlackElo "2494"]
[Result "0-1"]
[Round "05"]
[TimeControl "180+1"]
[Date "2022.11.02"]
[WhiteClock "0:00:59"]
[BlackClock "0:00:15"]

1. Nf3 Nf6 2. c4 d6 3. d4 Nbd7 4. Nc3 e5 5. dxe5 dxe5 6. Bg5 Be7 7. e3 O-O 8. Be2 c6 9. Qc2 Qc7 10. O-O-O Re8 11. Nd2 Nc5 12. Bxf6 Bxf6 13. Nde4 Be7 14. g4 a5 15. h4 Nxe4 16. Qxe4 a4 17. Bd3 g6 18. h5 a3 19. hxg6 hxg6 20. Rh6 axb2+ 21. Kb1 Bf8 22. Rh2 Bg7 23. Rdh1 Qa5 24. Kxb2 Qb4+ 25. Kc2 Ra3 26. Nd1 Rxa2+ 27. Kc1 Be6 28. f4 Rea8 29. Rxa2 Rxa2 30. f5 Qa3+ 31. Kb1 Ra1+ 32. Kc2 Qc1+ 33. Kb3 Ra3+ 34. Kb4 Bf8+ 0-1


[Site "https://www.chess.com"]

[Event "Titled Tuesday Blitz November 01 Late 2022"]
[White "Ardila, Oscar Humberto"]
[Black "Girsh, Daniel"]
[WhiteFideId "4404742"]
[BlackFideId "30949190"]
[WhiteElo "1898"]
[BlackElo "2075"]
[Result "1-0"]
[Round "05"]
[TimeControl "180+1"]
[Date "2022.11.02"]
[WhiteClock "0:01:19"]
[BlackClock "0:00:03"]

1. d4 Nf6 2. c4 e6 3. Nc3 d5 4. Nf3 Be7 5. Bg5 O-O 6. e3 c6 7. Be2 Nbd7 8. O-O h6 9. Bh4 dxc4 10. Bxc4 b5 11. Be2 Bb7 12. Rc1 Nd5 13. Bg3 N7b6 14. Ne4 Rc8 15. Nc5 Ba8 16. b3 f5 17. Ne5 Bxc5 18. Rxc5 Nd7 19. Nxd7 Qxd7 20. Bf3 Bb7 21. Qc2 Nb4 22. Qd2 a5 23. Rfc1 g5 24. h3 Na6 25. R5c2 b4 26. Be5 Kf7 27. e4 f4 28. Bh5+ Kg8 29. Qe2 c5 30. dxc5 Nb8 31. Bd6 Rf6 32. e5 Rf5 33. Bg4 Rf7 34. Qc4 Bd5 35. Qd3 Nc6 36. Qg6+ Rg7 37. Qxh6 Nd4 38. Rd2 Nb5 39. c6 Rxc6 40. Rxc6 Qxc6 41. Bxe6+ Bxe6 42. Qxe6+ Kh7 43. Qf5+ Kh6 44. Qf6+ Rg6 45. Bf8+ Kh7 46. Qf7+ Kh8 47. Rd7 Rh6 48. Qg7# 1-0


[Site "https://www.chess.com"]

[Event "Titled Tuesday Blitz November 01 Late 2022"]
[White "Bacrot, Etienne"]
[Black "Moreno Perez, Tobias Sebastian"]
[WhiteFideId "605506"]
[BlackFideId "186716"]
[WhiteElo "2666"]
[BlackElo "2536"]
[Result "1-0"]
[Round "05"]
[TimeControl "180+1"]
[Date "2022.11.02"]
[WhiteClock "0:01:00"]
[BlackClock "0:00:14"]

1. Nf3 d5 2. c4 c6 3. e3 Nf6 4. Nc3 Bg4 5. h3 Bxf3 6. Qxf3 e6 7. g4 Be7 8. g5 Nfd7 9. d4 Bxg5 10. Rg1 Bf6 11. Bd2 g6 12. O-O-O Bg7 13. e4 dxc4 14. Bxc4 Qf6 15. Qe2 Qe7 16. e5 Nb6 17. Bb3 Na6 18. Ne4 h6 19. Nd6+ Kf8 20. Rg3 Nc8 21. Nxf7 Kxf7 22. Qf3+ Kg8 23. Rxg6 Nc7 24. Rdg1 Rh7 25. Bxh6 Rxh6 26. Rxh6 Qf7 27. Rh8+ 1-0


[Site "https://www.chess.com"]

[Event "Titled Tuesday Blitz November 01 Late 2022"]
[White "Bambino Filho, Antonio Carlos"]
[Black "Pace, Christopher"]
[WhiteFideId "2113163"]
[BlackFideId "2610167"]
[WhiteElo "2447"]
[BlackElo "2288"]
[Result "1-0"]
[Round "05"]
[TimeControl "180+1"]
[Date "2022.11.02"]
[WhiteClock "0:01:10"]
[BlackClock "0:00:10"]

1. d4 Nf6 2. c4 g6 3. Nc3 Bg7 4. e4 O-O 5. Nf3 d6 6. Be2 e5 7. O-O exd4 8. Nxd4 Re8 9. f3 c6 10. Nc2 Na6 11. Kh1 Nh5 12. Be3 Qh4 13. Qe1 Qe7 14. g4 Nf6 15. Rd1 Nc5 16. Qg3 Nfxe4 17. fxe4 Nxe4 18. Nxe4 Qxe4+ 19. Qf3 Qe7 20. b3 d5 21. c5 d4 22. Nxd4 Qxe3 23. Bc4 Qxf3+ 24. Rxf3 Re7 25. h3 Rd7 26. Rfd3 Rxd4 27. Rxd4 Bxd4 28. Rxd4 Be6 29. Bxe6 fxe6 30. Rd7 b6 31. Rc7 bxc5 32. Rxc6 Kf7 33. Rxc5 Kf6 34. g5+ Ke7 35. Rc7+ Kd6 36. Rxh7 e5 37. Kg2 Rf8 38. Rg7 e4 39. Rxg6+ Kd5 40. Rg7 Rc8 41. h4 e3 42. Kf3 e2 43. Kxe2 Rc2+ 44. Kd3 Rxa2 45. h5 Rh2 46. h6 Rh3+ 47. Kc2 a5 48. h7 1-0


[Site "https://www.chess.com"]

[Event "Titled Tuesday Blitz November 01 Late 2022"]
[White "Barria Zuniga, Daniel"]
[Black "Szente Varga, Fruzsina"]
[WhiteFideId "3400816"]
[BlackFideId "712264"]
[WhiteElo "2414"]
[BlackElo "1994"]
[Result "1-0"]
[Round "05"]
[TimeControl "180+1"]
[Date "2022.11.02"]
[WhiteClock "0:00:54"]
[BlackClock "0:00:09"]

1. c4 Nf6 2. Nc3 g6 3. d4 Bg7 4. e4 d6 5. Be2 O-O 6. Nf3 e5 7. d5 Nbd7 8. Bg5 a5 9. Nd2 Nc5 10. O-O h6 11. Bh4 Qe8 12. b3 Nfd7 13. a3 f5 14. f3 g5 15. Bf2 f4 16. b4 Na6 17. c5 Nf6 18. Nc4 Rb8 19. cxd6 cxd6 20. Nxd6 Qe7 21. Nc4 axb4 22. d6 Qf7 23. axb4 Nd7 24. b5 Nac5 25. Nd5 Kh7 26. b6 h5 27. Ra5 Ne6 28. Nc7 Nf6 29. Nxe5 Qg8 30. d7 Nxd7 31. Nxd7 Rd8 32. Rd5 Bxd7 33. Rxd7 Nd4 34. Rxd4 Bxd4 35. Bxd4 g4 36. fxg4 Qg6 37. Nd5 Kh6 38. Rxf4 Qe6 39. Rf6+ Qxf6 1-0


[Site "https://www.chess.com"]

[Event "Titled Tuesday Blitz November 01 Late 2022"]
[White "Baskakov, Egor"]
[Black "Tokhirjonova, Gulrukhbegim"]
[WhiteFideId "24197866"]
[BlackFideId "14203626"]
[WhiteElo "2211"]
[BlackElo "2236"]
[Result "1/2-1/2"]
[Round "05"]
[TimeControl "180+1"]
[Date "2022.11.02"]
[WhiteClock "0:00:04"]
[BlackClock "0:00:07"]

1. e4 e5 2. Nc3 Nc6 3. g3 Nf6 4. Bg2 Bc5 5. h3 d6 6. Nge2 a6 7. d3 h6 8. O-O O-O 9. Kh2 b5 10. a3 Bb7 11. f4 exf4 12. Nxf4 Nd4 13. Ncd5 Nh7 14. c3 Ne6 15. d4 Bb6 16. Nxe6 fxe6 17. Nf4 Qe8 18. Qg4 Nf6 19. Qxe6+ Qxe6 20. Nxe6 Rfe8 21. d5 Bc8 22. Bxh6 Bxe6 23. dxe6 Rad8 24. Bg5 Rxe6 25. Bxf6 gxf6 26. a4 Kg7 27. axb5 axb5 28. Rf5 Re5 29. Rf4 Rh8 30. h4 Rh6 31. Bh3 Kf7 32. Bf5 Ke7 33. Ra8 d5 34. exd5 Rxd5 35. Kh3 Re5 36. Bd3 Be3 37. Rf3 Bc1 38. b3 Bb2 39. c4 bxc4 40. Bxc4 Bd4 41. Rg8 c5 42. Rg7+ Kd6 43. Rf7 Re3 44. Rxe3 Bxe3 45. Kg4 Bd4 46. Ra7 Rh8 47. h5 f5+ 48. Kg5 Be3+ 49. Kg6 Rh6+ 50. Kxf5 Rxh5+ 51. Ke4 Bd4 52. g4 Rh1 53. Ra6+ Ke7 54. g5 Re1+ 55. Kf4 Rg1 56. g6 Kf8 57. Bd3 Kg7 58. Ra7+ Kf6 59. Rf7+ Ke6 60. Bc4+ Kd6 61. Bd3 Ke6 62. Rb7 Kd6 63. b4 cxb4 64. Rxb4 Be5+ 65. Kf5 Ba1 66. Ra4 Kc5 67. Be2 Bd4 68. Bg4 Rf1+ 69. Ke4 Rg1 70. Kf5 Rf1+ 71. Ke4 Rg1 72. Kf5 1/2-1/2


[Site "https://www.chess.com"]

[Event "Titled Tuesday Blitz November 01 Late 2022"]
[White "Bayo Milagro, Alvaro"]
[Black "Salman, Pavel"]
[WhiteFideId "22275240"]
[BlackFideId "24153753"]
[WhiteElo "2270"]
[BlackElo "2187"]
[Result "1-0"]
[Round "05"]
[TimeControl "180+1"]
[Date "2022.11.02"]
[WhiteClock "0:00:17"]
[BlackClock "0:00:07"]

1. e4 c5 2. Nf3 e6 3. d4 cxd4 4. Nxd4 a6 5. Nc3 Qc7 6. Qd3 Nf6 7. Qg3 Qxg3 8. hxg3 Bb4 9. Bd3 d5 10. exd5 Nxd5 11. Bd2 Nxc3 12. bxc3 Ba5 13. O-O-O h6 14. Kb2 Nc6 15. Nb3 Bb6 16. f4 Bd7 17. c4 a5 18. c5 Bd8 19. Bc3 a4 20. Nd2 a3+ 21. Kc1 Bf6 22. Bxf6 gxf6 23. Nc4 Nb4 24. Nd6+ Ke7 25. Bc4 Bc6 26. Rh2 Ra5 27. Rh5 Bxg2 28. c3 Nc6 29. Rh2 Bf3 30. Rd3 Bg4 31. Nxb7 Ra7 32. Nd6 Rd8 33. Rxh6 Be2 34. Rd2 Bxc4 35. Nxc4 Rxd2 36. Kxd2 Rc7 37. Rh5 Ra7 38. Kc2 Na5 39. Nxa5 Rxa5 40. Kb3 Kd7 41. c6+ 1-0


[Site "https://www.chess.com"]

[Event "Titled Tuesday Blitz November 01 Late 2022"]
[White "Bazeev, German"]
[Black "Santos Flores, Alberto"]
[WhiteFideId "24119350"]
[BlackFideId "3601234"]
[WhiteElo "2493"]
[BlackElo "2235"]
[Result "1-0"]
[Round "05"]
[TimeControl "180+1"]
[Date "2022.11.02"]
[WhiteClock "0:00:09"]
[BlackClock "0:00:01"]

1. d4 d5 2. Nf3 Nf6 3. c4 c6 4. Qc2 g6 5. Bf4 Bf5 6. Qb3 Qb6 7. e3 Bxb1 8. Qxb6 axb6 9. Rxb1 Nbd7 10. a3 Bg7 11. h3 O-O 12. Bh2 e6 13. Nd2 Rfe8 14. Be2 e5 15. dxe5 Nxe5 16. cxd5 Nxd5 17. O-O b5 18. Rfd1 Rad8 19. Nb3 Nc4 20. Bxc4 bxc4 21. Nd4 c3 22. Rdc1 Bxd4 23. exd4 cxb2 24. Rxb2 Rd7 25. Bg3 Ra8 26. Rcb1 b5 27. Rc2 Ne7 28. Be5 Rxa3 29. Kh2 Ra6 30. g4 Nd5 31. Rxb5 f6 32. Rb8+ Kf7 33. Bg3 Ne7 34. Re2 Ra4 35. g5 fxg5 36. Rh8 Raxd4 37. Rxh7+ Kf8 38. Ra2 Rd8 39. Be5 R4d7 40. Bf6 Rc8 41. Re2 Ng8 42. Rxd7 Nxf6 43. Rd6 Kf7 44. Ree6 1-0


[Site "https://www.chess.com"]

[Event "Titled Tuesday Blitz November 01 Late 2022"]
[White "Beerdsen, Thomas"]
[Black "Vusatiuk, Vladimir"]
[WhiteFideId "1030108"]
[BlackFideId "14118610"]
[WhiteElo "2567"]
[BlackElo "2208"]
[Result "0-1"]
[Round "05"]
[TimeControl "180+1"]
[Date "2022.11.02"]
[WhiteClock "0:00:05"]
[BlackClock "0:00:20"]

1. g4 d5 2. Bg2 c6 3. c4 d4 4. g5 h6 5. g6 fxg6 6. d3 Nf6 7. Nf3 g5 8. h4 g4 9. Nfd2 g6 10. h5 gxh5 11. Ne4 Bg7 12. Nxf6+ Bxf6 13. Rxh5 g3 14. fxg3 Bg4 15. Rxh6 Rxh6 16. Bxh6 Qa5+ 17. Qd2 Qh5 18. Na3 Bxe2 19. Qxe2 Qxh6 20. b4 Nd7 21. b5 Be5 22. Kd1 Qd6 23. bxc6 bxc6 24. Nc2 Rb8 25. Bh3 Nc5 26. Qg4 Kd8 27. Ke2 Kc7 28. Kf1 Nxd3 29. Kg1 Bxg3 30. Rd1 Nf2 31. Qxd4 Nxd1 32. Qxa7+ Rb7 33. Qa5+ Kb8 34. c5 Bf2+ 35. Kf1 Bxc5 36. Bg4 Qf4+ 37. Ke1 Bb4+ 38. Nxb4 Qxb4+ 39. Qxb4 Rxb4 40. Bxd1 Kc7 41. Kd2 Kd6 42. Kc3 Rh4 43. a4 Kc5 44. Bc2 e5 45. Bd1 Rh3+ 46. Kd2 Kb4 47. Bg4 Rg3 48. Bd7 c5 49. Ke2 c4 50. Kf2 Rd3 51. Bb5 Rd6 52. Ke3 Rd4 53. Be8 c3 54. Bg6 Kxa4 0-1


[Site "https://www.chess.com"]

[Event "Titled Tuesday Blitz November 01 Late 2022"]
[White "Bjelobrk, Igor"]
[Black "Bilan, Danila"]
[WhiteFideId "4300726"]
[BlackFideId "24161918"]
[WhiteElo "2335"]
[BlackElo "2203"]
[Result "1-0"]
[Round "05"]
[TimeControl "180+1"]
[Date "2022.11.02"]
[WhiteClock "0:00:18"]
[BlackClock "0:00:06"]

1. d4 d5 2. c4 c6 3. Nf3 Nf6 4. Qc2 g6 5. cxd5 cxd5 6. Bf4 Nc6 7. e3 Bf5 8. Qb3 Qb6 9. Qxb6 axb6 10. Nc3 Bg7 11. Be2 O-O 12. O-O Rfc8 13. Rfc1 e6 14. Nb5 Ne8 15. Rc3 h6 16. a3 g5 17. Bg3 Ne7 18. Nc7 Nxc7 19. Bxc7 Bf8 20. Bxb6 Rxc3 21. bxc3 Nc6 22. a4 Bd6 23. a5 Kf8 24. Nd2 Ke7 25. Ra2 f6 26. Nb3 e5 27. h3 Nb8 28. c4 dxc4 29. Bxc4 Nd7 30. dxe5 fxe5 31. Nd2 Nxb6 32. axb6 Rxa2 33. Bxa2 Bc5 34. Bd5 Bc8 35. Nc4 Be6 36. e4 Bxd5 37. exd5 e4 38. Kf1 Kf6 39. g4 Bd4 40. Ke2 Ke7 41. f3 exf3+ 42. Kxf3 Bc5 43. Ke4 Kf6 44. Kd3 Bf2 45. Kc3 Ke7 46. Kb4 Bd4 47. Kb5 Kd7 48. Na5 Kd6 49. Nxb7+ Kxd5 50. Nd8 Ke4 51. b7 Be5 52. Nf7 Bb8 53. Kc6 Kf4 54. Nxh6 Kg3 55. Kd7 Kxh3 56. Kc8 Be5 57. b8=Q Bxb8 58. Kxb8 Kg3 59. Kc8 Kf4 60. Kd7 Ke5 61. Ke7 1-0


[Site "https://www.chess.com"]

[Event "Titled Tuesday Blitz November 01 Late 2022"]
[White "Bluebaum, Matthias"]
[Black "Bersamina, Paulo"]
[WhiteFideId "24651516"]
[BlackFideId "5206995"]
[WhiteElo "2633"]
[BlackElo "2332"]
[Result "1-0"]
[Round "05"]
[TimeControl "180+1"]
[Date "2022.11.01"]
[WhiteClock "0:00:46"]
[BlackClock "0:00:02"]

1. d4 Nf6 2. c4 g6 3. Nc3 d5 4. cxd5 Nxd5 5. e4 Nxc3 6. bxc3 Bg7 7. Nf3 c5 8. Bb5+ Nd7 9. O-O O-O 10. e5 Nb6 11. Ba3 cxd4 12. cxd4 Nd5 13. Qb3 Be6 14. Ng5 Rb8 15. Nxe6 fxe6 16. Rac1 Bh6 17. Rc2 a6 18. Bd3 Rf7 19. g3 b5 20. Bc5 Bf8 21. Be4 Qd7 22. a4 b4 23. a5 Rb5 24. Bb6 Nxb6 25. Bc6 Qxd4 26. Bxb5 axb5 27. axb6 Qxb6 28. Qxb4 Rf5 29. Rc5 Bg7 30. Rxb5 Qc7 31. Rb7 Qxe5 32. Qxe7 h5 33. Rb6 Rf6 34. Rb3 h4 35. Re3 Qf5 36. f4 hxg3 37. hxg3 g5 38. Re5 Qd3 39. Qe8+ Kh7 40. Rxg5 Qd4+ 41. Kg2 Qe4+ 42. Rf3 Qe2+ 43. Rf2 Qe4+ 44. Kh2 e5 45. Rh5+ Bh6 46. Qe7+ Kg6 47. Rxh6+ 1-0


[Site "https://www.chess.com"]

[Event "Titled Tuesday Blitz November 01 Late 2022"]
[White "Boidiya, Sidi"]
[Black "Gardezi, Arsal"]
[WhiteFideId "19600100"]
[BlackFideId "30949521"]
[WhiteElo "2113"]
[BlackElo "1906"]
[Result "0-1"]
[Round "05"]
[TimeControl "180+1"]
[Date "2022.11.02"]
[WhiteClock "0:00:02"]
[BlackClock "0:00:12"]

1. e4 e6 2. d4 d5 3. Nd2 Nc6 4. Ngf3 Nf6 5. Bd3 Nb4 6. Qe2 c5 7. Bb5+ Bd7 8. O-O Nxc2 9. exd5 Nxd5 10. Ne5 Nxd4 11. Bxd7+ Qxd7 12. Qe4 Qc7 13. Ndc4 Nf6 14. Qd3 b5 15. Bf4 bxc4 16. Qxc4 Bd6 17. Qa4+ Nd7 18. Rfe1 O-O-O 19. Qa6+ Kb8 20. Nxd7+ Rxd7 21. Bg3 Bxg3 22. hxg3 Qb7 23. Qc4 Qb4 24. Qc1 Rhd8 25. a3 Qb5 26. b4 Ne2+ 27. Rxe2 Qxe2 28. Qf4+ e5 29. Qf5 g6 30. Qf6 Rd1+ 31. Rxd1 Rxd1+ 32. Kh2 Qe1 33. g4 h5 34. Qe7 Qg1+ 35. Kg3 Rd3+ 36. f3 Qe1+ 37. Kh2 Qd2 38. Qe8+ Rd8 39. Qb5+ Kc8 40. Qc6+ Kb8 41. Qb5+ Kc7 42. Qxc5+ Kd7 43. Qb5+ Ke7 44. Qc5+ Kf6 45. Qc6+ Rd6 0-1


[Site "https://www.chess.com"]

[Event "Titled Tuesday Blitz November 01 Late 2022"]
[White "Boruchovsky, Avital"]
[Black "Pap, Gyula"]
[WhiteFideId "2800055"]
[BlackFideId "725323"]
[WhiteElo "2466"]
[BlackElo "2519"]
[Result "1-0"]
[Round "05"]
[TimeControl "180+1"]
[Date "2022.11.01"]
[WhiteClock "0:00:09"]
[BlackClock "0:00:02"]

1. e4 e5 2. Nc3 Nf6 3. f4 d5 4. fxe5 Nxe4 5. Qf3 Nxc3 6. bxc3 Be7 7. d4 O-O 8. Bd3 c5 9. Qh5 g6 10. Qh6 c4 11. Be2 f6 12. Nf3 fxe5 13. Nxe5 Qe8 14. Bf4 Nc6 15. Bf3 Be6 16. O-O Bf6 17. Rae1 Nxe5 18. Bxe5 Bxe5 19. Rxe5 Qd7 20. Rfe1 Rae8 21. Qg5 Bf7 22. Re7 Qd6 23. h4 Kg7 24. Bxd5 h6 25. Qe5+ Qxe5 26. R1xe5 Rc8 27. Rxb7 Kf6 28. Rxa7 Be6 29. Rxe6+ 1-0


[Site "https://www.chess.com"]

[Event "Titled Tuesday Blitz November 01 Late 2022"]
[White "Burcu, Cagatay"]
[Black "Mahdavi, Reza"]
[WhiteFideId "6310630"]
[BlackFideId "12595926"]
[WhiteElo "2231"]
[BlackElo "2240"]
[Result "1-0"]
[Round "05"]
[TimeControl "180+1"]
[Date "2022.11.02"]
[WhiteClock "0:00:30"]
[BlackClock "0:00:01"]

1. d4 Nf6 2. Bf4 g6 3. Nc3 d5 4. e3 Bg7 5. h4 O-O 6. h5 c5 7. hxg6 hxg6 8. Nf3 Nc6 9. Ne5 cxd4 10. exd4 Qb6 11. Nxc6 bxc6 12. Qd2 Qxb2 13. Rb1 Qa3 14. Rb3 Qa5 15. Bh6 Ne8 16. Bxg7 Nxg7 17. Qh6 f6 18. Bd3 Bf5 19. Bxf5 gxf5 20. Rh3 Kf7 21. Rg3 Rg8 22. Qg6+ Kf8 23. Kf1 f4 24. Rg4 f3 25. gxf3 Qa6+ 26. Ne2 Qc8 27. Ng3 Qe8 28. Qh6 Kf7 29. Rb7 Rb8 30. Rxb8 Qxb8 31. Qg6+ Ke6 32. Qh7 Qf8 33. Nh5 Kf7 34. Qg6+ Ke6 35. Nxg7+ Kd7 36. Qf5+ Kd6 37. Qe6+ Kc7 38. Nf5 Rxg4 39. fxg4 Qh8 40. Qxe7+ Kb6 41. Qc5+ Kb7 42. Kg2 Qg8 43. Nd6+ Kc7 44. Nb5+ Kb7 45. Qxa7+ 1-0


[Site "https://www.chess.com"]

[Event "Titled Tuesday Blitz November 01 Late 2022"]
[White "Castella Garcia, Fausto"]
[Black "Floresvillar Gonzalez, Luis Migu"]
[WhiteFideId "3501922"]
[BlackFideId "5100542"]
[WhiteElo "2246"]
[BlackElo "2040"]
[Result "1-0"]
[Round "05"]
[TimeControl "180+1"]
[Date "2022.11.02"]
[WhiteClock "0:00:28"]
[BlackClock "0:00:01"]

1. e4 e6 2. Nf3 d5 3. e5 c5 4. b4 c4 5. c3 Nc6 6. d3 cxd3 7. Bxd3 a6 8. O-O Qc7 9. Bf4 Nge7 10. Re1 Ng6 11. Bg3 Be7 12. a4 Bd7 13. Na3 O-O 14. h4 Rfc8 15. h5 Nf8 16. h6 g6 17. Nc2 Qd8 18. Rc1 f5 19. exf6 Bxf6 20. Ncd4 Nxd4 21. Nxd4 Bg5 22. f4 Bxh6 23. Nf3 Bg7 24. Ne5 b5 25. a5 Ra7 26. Bf2 Rb7 27. Bd4 Be8 28. Qg4 Bf7 29. Re3 Qe8 30. Rce1 Rbc7 31. Qh3 Rxc3 32. Bxc3 Rxc3 33. Nxf7 Qxf7 34. Bxg6 Qxg6 35. Rxc3 Bxc3 36. Qxc3 Kf7 37. Qc7+ Kg8 38. Qe5 Qg3 39. f5 Qxe5 40. Rxe5 exf5 41. Rxd5 1-0


[Site "https://www.chess.com"]

[Event "Titled Tuesday Blitz November 01 Late 2022"]
[White "ChessBrah"]
[Black "Kilic, Eray"]
[BlackFideId "44517173"]
[WhiteElo "2906"]
[BlackElo "2328"]
[Result "1-0"]
[Round "05"]
[TimeControl "180+1"]
[Date "2022.11.01"]
[WhiteClock "0:00:09"]
[BlackClock "0:00:05"]

1. e4 c5 2. Nf3 d6 3. Bb5+ Nd7 4. c3 Nf6 5. Qe2 a6 6. Ba4 b5 7. Bc2 Bb7 8. O-O e5 9. d4 Be7 10. d5 c4 11. a4 O-O 12. Na3 Qb6 13. Be3 Nc5 14. Nd2 Nfd7 15. b4 cxb3 16. Nxb3 bxa4 17. Nxc5 Nxc5 18. Rfb1 Qc7 19. Bxc5 dxc5 20. Nc4 Rab8 21. Bxa4 Ba8 22. g3 Rxb1+ 23. Rxb1 f5 24. Bc2 Bf6 25. Ra1 Bb7 26. Ne3 f4 27. Nc4 Qd7 28. Bd1 fxg3 29. hxg3 Qe7 30. Rb1 Bc8 31. Nb6 Bb7 32. Qg4 Rd8 33. Ba4 Qd6 34. Bd7 Kh8 35. Be6 Qc7 36. Qh5 g6 37. Qf3 Bg7 38. Nc4 Bc8 39. d6 Qc6 40. Bxc8 Qxc8 41. Qf7 Rf8 42. d7 Qd8 43. Qe6 Bf6 44. Nxe5 Kg7 45. Rb7 h5 46. Nc6 Qa8 47. d8=Q+ Qxb7 48. Qdd7+ Qxd7 49. Qxd7+ Rf7 50. Qd3 Bxc3 51. Qxc3+ 1-0


[Site "https://www.chess.com"]

[Event "Titled Tuesday Blitz November 01 Late 2022"]
[White "Clawitter, Craig"]
[Black "Estrada Nieto, Julian"]
[WhiteFideId "2023105"]
[BlackFideId "5101018"]
[WhiteElo "2325"]
[BlackElo "2252"]
[Result "0-1"]
[Round "05"]
[TimeControl "180+1"]
[Date "2022.11.02"]
[WhiteClock "0:00:01"]
[BlackClock "0:01:04"]

1. e4 e5 2. Nc3 Nf6 3. Nf3 Nc6 4. d4 exd4 5. Nxd4 Bb4 6. Nxc6 bxc6 7. Bd3 d5 8. exd5 O-O 9. O-O cxd5 10. h3 c6 11. Qf3 Bd6 12. Bf4 Rb8 13. b3 Be6 14. Ne2 c5 15. Rad1 Re8 16. Rfe1 Qc7 17. Bxd6 Qxd6 18. c4 d4 19. Nf4 Bd7 20. Bc2 Bc6 21. Qg3 Rbd8 22. Nd3 Qxg3 23. fxg3 Be4 24. Re2 Bxd3 25. Bxd3 Rxe2 26. Bxe2 Ne4 27. Rd3 a5 28. Bd1 Nc3 29. a3 f5 30. g4 Nxd1 31. Rxd1 fxg4 32. hxg4 Rb8 33. Rd3 Kf7 34. Kf2 Kf6 35. Kf3 Kg5 36. Ke4 Re8+ 37. Kd5 Re3 38. Rd2 Rxb3 39. Kxc5 Rxa3 40. Rxd4 Ra2 41. Kb6 a4 42. c5 Rb2+ 43. Ka5 a3 0-1


[Site "https://www.chess.com"]

[Event "Titled Tuesday Blitz November 01 Late 2022"]
[White "Da Silva Junior, Sediney Mari"]
[Black "Itkis, Boris"]
[WhiteFideId "2132079"]
[BlackFideId "1209167"]
[WhiteElo "1996"]
[BlackElo "2232"]
[Result "1-0"]
[Round "05"]
[TimeControl "180+1"]
[Date "2022.11.02"]
[WhiteClock "0:01:34"]
[BlackClock "0:00:34"]

1. e4 e5 2. Nc3 Nf6 3. f4 d5 4. fxe5 Nxe4 5. d3 Nxc3 6. bxc3 c5 7. Nf3 Nc6 8. Be2 d4 9. cxd4 cxd4 10. O-O Be7 11. Qd2 Be6 12. a3 h6 13. Rb1 Qd7 14. c4 dxc3 15. Qxc3 Rd8 16. Be3 O-O 17. d4 Bd5 18. Nd2 b6 19. Bf3 Rc8 20. Qb2 Rfd8 21. Rbc1 Na5 22. Rxc8 Rxc8 23. h3 Bxf3 24. Rxf3 Qd5 25. Rf1 Bg5 26. Bxg5 hxg5 27. Nf3 Nc4 28. Qb3 b5 29. a4 a6 30. axb5 axb5 31. Rb1 Rb8 32. Qd3 b4 33. Nxg5 g6 34. e6 f6 35. Qxg6+ 1-0


[Site "https://www.chess.com"]

[Event "Titled Tuesday Blitz November 01 Late 2022"]
[White "Danielyan, Vahe"]
[Black "Poltorak, Sebastian"]
[WhiteFideId "13304828"]
[BlackFideId "1199498"]
[WhiteElo "2421"]
[BlackElo "2232"]
[Result "1-0"]
[Round "05"]
[TimeControl "180+1"]
[Date "2022.11.02"]
[WhiteClock "0:02:03"]
[BlackClock "0:00:15"]

1. Nf3 Nf6 2. c4 c5 3. Nc3 d5 4. cxd5 Nxd5 5. e4 Nb4 6. Bb5+ N8c6 7. O-O a6 8. Bxc6+ Nxc6 9. d3 Bg4 10. Be3 e6 11. h3 Bh5 12. Rc1 Rc8 13. g4 Bg6 14. Qa4 Be7 15. Rfd1 O-O 16. d4 cxd4 17. Nxd4 Qc7 18. Nxc6 Qxc6 19. Qxc6 Rxc6 20. Rd7 Bf6 21. f3 b5 22. a3 h6 23. Bd4 Bg5 24. Rd1 Rfc8 25. Kf2 a5 26. Rb7 b4 27. axb4 axb4 28. Rxb4 Kh7 29. Ke2 Ra6 30. Be3 Bf6 31. Bd4 Bg5 32. Rb7 Rd8 33. Be3 Rxd1 34. Nxd1 Bf6 35. Nc3 Ra1 36. Bd2 Be5 37. h4 h5 38. g5 Rh1 39. f4 Rh2+ 40. Kd1 Bxc3 41. Bxc3 Bxe4 42. Rxf7 Kg6 43. Rxg7+ Kf5 44. Rf7+ Kg4 45. Rf6 Kf3 46. Rxe6 Rh1+ 47. Kd2 Rh2+ 48. Kd1 Ke3 49. Rxe4+ Kxe4 50. g6 Kxf4 51. Bf6 Kf5 52. g7 Rg2 53. Bg5 1-0


[Site "https://www.chess.com"]

[Event "Titled Tuesday Blitz November 01 Late 2022"]
[White "Deac, Bogdan-Daniel"]
[Black "Piesik, Piotr"]
[WhiteFideId "1226380"]
[BlackFideId "1136194"]
[WhiteElo "2648"]
[BlackElo "2323"]
[Result "1-0"]
[Round "05"]
[TimeControl "180+1"]
[Date "2022.11.01"]
[WhiteClock "0:00:06"]
[BlackClock "0:00:08"]

1. Nf3 d5 2. e3 Nf6 3. c4 c6 4. Nc3 e6 5. d4 Nbd7 6. Be2 dxc4 7. a4 Bd6 8. Nd2 O-O 9. Nxc4 Bc7 10. b3 Re8 11. Ba3 e5 12. Nd6 Bxd6 13. Bxd6 exd4 14. Qxd4 Qb6 15. Qxb6 Nxb6 16. O-O Be6 17. Rab1 Nbd5 18. Nxd5 Nxd5 19. Rfc1 a5 20. Bc4 Nb6 21. Bf1 Nd5 22. Rb2 Red8 23. Ba3 Nb4 24. Bxb4 axb4 25. f3 Rd6 26. Kf2 Rad8 27. Ke1 f5 28. Bc4 Kf7 29. Ke2 Kf6 30. a5 Re8 31. Rd2 Rxd2+ 32. Kxd2 Ra8 33. Bxe6 Kxe6 34. Rc5 Rd8+ 35. Ke2 Rd5 36. Rxd5 Kxd5 37. Kd3 g5 38. e4+ fxe4+ 39. fxe4+ Ke5 40. g3 g4 41. Ke3 h5 42. Kd3 c5 43. Ke3 c4 44. bxc4 b3 45. Kd3 b2 46. Kc2 Kxe4 47. Kxb2 Kf3 48. c5 Kg2 49. a6 bxa6 50. c6 Kxh2 51. c7 Kxg3 52. c8=Q h4 53. Kc2 h3 54. Qc6 Kh2 55. Kd2 g3 56. Qd6 Kg2 57. Ke2 h2 58. Qd5+ Kg1 59. Qd1+ Kg2 60. Qf1# 1-0


[Site "https://www.chess.com"]

[Event "Titled Tuesday Blitz November 01 Late 2022"]
[White "Dimitrov, Atanas"]
[Black "Djokic, Mihailo"]
[WhiteFideId "2901315"]
[BlackFideId "976440"]
[WhiteElo "2747"]
[BlackElo "2315"]
[Result "1-0"]
[Round "05"]
[TimeControl "180+1"]
[Date "2022.11.02"]
[WhiteClock "0:00:43"]
[BlackClock "0:00:48"]

1. Nf3 Nf6 2. c4 g6 3. g3 Bg7 4. Bg2 O-O 5. O-O d6 6. Nc3 e5 7. b3 Nc6 8. Bb2 Re8 9. d3 Bf5 10. a3 Qd7 11. b4 a6 12. Nd2 Rab8 13. Rc1 Bh3 14. e3 Bxg2 15. Kxg2 h5 16. h3 Ne7 17. Qf3 c6 18. Rfd1 b5 19. Nce4 Nxe4 20. dxe4 Qe6 21. c5 d5 22. exd5 cxd5 23. e4 f5 24. exd5 Nxd5 25. Qb3 Rbc8 26. Kg1 Red8 27. Nf3 e4 28. Ng5 Qc6 29. Bxg7 Kxg7 30. Rd4 Nc7 31. Rcd1 Kf6 32. Rd6+ Kxg5 1-0


[Site "https://www.chess.com"]